 Dungeon Crawl Stone Soup version 0.28.0-45-g0d030f2227 (webtiles) character file.

Game seed: 12258829710200582846

360 Peloso the Covered (level 6, 0/56 HPs)
             Began as a Minotaur Fighter on Apr 2, 2022.
             Slain by an ice beast (3 damage)
             ... on level 5 of the Dungeon.
             The game lasted 00:05:01 (4075 turns).

Peloso the Covered (Minotaur Fighter)               Turns: 4075, Time: 00:05:02

Health: 0/56       AC: 10    Str: 20    XL:     6   Next: 38%
Magic:  5/5        EV:  7    Int:  5    God:
Gold:   163        SH:  5    Dex: 12    Spells: 5/5 levels left

rFire   . . .      SeeInvis .   a - +0 long sword
rCold   . . .      Faith    .   c - +0 buckler
rNeg    . . .      Spirit   .   k - +0 chain mail
rPois   .          Reflect  .   (helmet restricted)
rElec   .          Harm     .   (no cloak)
rCorr   .          Rampage  .   (no gloves)
Will    .....                   (no boots)
Stlth   ..........              (no amulet)
HPRegen 0.18/turn               (no ring)
MPRegen 0.09/turn               (no ring)

@: no status effects
A: horns 2, retaliatory headbutt
a: no special abilities


You were on level 5 of the Dungeon.
You visited 1 branch of the dungeon, and saw 5 of its levels.

You collected 163 gold pieces.

Inventory:

Hand Weapons
 a - a +0 long sword (weapon)
Armour
 b - a +0 scale mail
 c - a +0 buckler (worn)
 k - a +0 chain mail (worn)
Jewellery
 s - an amulet of magic regeneration
Wands
 r - a wand of iceblast (10)
Scrolls
 e - a scroll of fear {unknown}
 f - 5 scrolls of identify {unknown}
 g - 2 scrolls of teleportation {unknown}
 m - a scroll of noise {unknown}
 n - a scroll of immolation {unknown}
 o - a scroll of fog
 p - a scroll of enchant weapon {unknown}
 q - a scroll of summoning {unknown}
Potions
 d - 2 potions of might
 h - 4 potions of heal wounds {unknown}
 i - a potion of cancellation {unknown}
 j - 2 potions of flight {unknown}
 l - 2 potions of curing


   Skills:
 + Level 5.0 Fighting
 + Level 5.1 Long Blades
 + Level 5.5 Armour
 + Level 1.4 Dodging
 + Level 4.4 Shields


You had 5 spell levels left.
You didn't know any spells.
Your spell library contained the following spells:

 Spells                   Type           Power      Damage    Failure   Level
 Hailstorm                Conj/Ice       0%         3d3       100%        4
 Ice Form                 Ice/Tmut       0%         N/A       100%        4
 Simulacrum               Ice/Necr       0%         N/A       100%        6


Dungeon Overview and Level Annotations

Branches:
Dungeon (5/15)
 Temple: D:4-7

Altars:


Innate Abilities, Weirdness & Mutations

You have a pair of horns on your head.
You reflexively headbutt those who attack you in melee.


Message History

There is a stone staircase leading up here.
There are monsters nearby!
The phantom hits you.
The phantom blinks!
You blink.
You stop ascending the stairs.
You closely miss the phantom. The phantom barely misses you.
You closely miss the phantom. The ice beast hits you.
The ice beast freezes you! The phantom completely misses you.
You slash the phantom!
The phantom is moderately damaged.
The ice beast hits you. The ice beast freezes you!
The phantom barely misses you. You furiously retaliate!
You headbutt the phantom, but do no damage.
Unknown command.
The phantom hits you.
The phantom blinks!
You blink.
The phantom hits you.
The phantom blinks!
You blink.
You block the ice beast's attack.
You hit the ice beast but do no damage. You headbutt the ice beast!
The ice beast is moderately wounded.
The phantom hits you.
* * * LOW HITPOINT WARNING * * *
The phantom blinks!
You blink.
The phantom hits you.
* * * LOW HITPOINT WARNING * * *
You slash the phantom!
The phantom is severely damaged.
You block the phantom's attack.
Unknown command.
You hit the phantom. You headbutt the phantom.
You destroy the phantom!
You block the ice beast's attack.
Your Long Blades skill increases to level 5!
Unknown command.
You hit the ice beast but do no damage.
The ice beast is moderately wounded.
The ice beast hits you.
* * * LOW HITPOINT WARNING * * *
The ice beast freezes you!
* * * LOW HITPOINT WARNING * * *
The ice beast hits you.
You die...

# .# ### ..##
##.####...#
#..@.#......
#.Y.........
##...........
#............
#............
#............
####.........
#.<....#.
##...###


You could see an ice beast.

Vanquished Creatures
  An ice beast (D:4)
  A phantom (D:5)
  Jessica (D:2)
  Robin (D:2)
  6 adders
  An ufetubus (D:3)
  3 worms
  2 dart slugs
  6 orcs
  7 bats
  2 endoplasms
  2 giant cockroaches (D:1)
  13 goblins
  9 hobgoblins
  4 jackals (D:1)
  4 quokkas
  5 ball pythons
  2 frilled lizards (D:3)
  5 kobolds
  2 rats (D:3)
77 creatures vanquished.

Notes
Turn   | Place    | Note
-------+----------+-------------------------------------------
     0 | D:1      | Peloso the Minotaur Fighter began the quest for the Orb.
     0 | D:1      | Reached XP level 1. HP: 19/19 MP: 0/0
    25 | D:1      | Reached XP level 2. HP: 21/27 MP: 1/1
   694 | D:2      | Noticed Jessica
   697 | D:2      | Killed Jessica
   698 | D:2      | Reached XP level 3. HP: 33/33 MP: 2/2
   812 | D:2      | Noticed Robin
   822 | D:2      | Killed Robin
   823 | D:2      | Reached skill level 1 in Dodging
   823 | D:2      | Reached XP level 4. HP: 28/40 MP: 3/3
   843 | D:2      | Found a faded altar of an unknown god.
  2022 | D:3      | Reached XP level 5. HP: 45/47 MP: 4/4
  2484 | D:3      | Identified the +3 short sword of the Heavens {protect, rC+
                  | Int+3}
  2702 | D:4      | Noticed an ice beast
  2712 | D:4      | Killed an ice beast
  2713 | D:4      | Reached skill level 5 in Armour
  3056 | D:4      | Reached XP level 6. HP: 54/55 MP: 5/5
  3102 | D:4      | Reached skill level 5 in Fighting
  4062 | D:5      | Entered Level 5 of the Dungeon
  4062 | D:5      | Noticed an ice beast
  4075 | D:5      | Reached skill level 5 in Long Blades
  4075 | D:5      | Slain by an ice beast

Illustrated notes

Levels and vault maps discovered:
D:1:      wander_arrival_fairy_ring, layout_rooms, hex_tiny,
          minmay_misc_feat_room
D:2:      layout_loops_ring, dreamdust_ecumenical_altar_statues,
          nicolae_concentric_dashed_squares_wild, uniq_robin, uniq_jessica
D:3:      layout_loops_ring
D:4:      layout_layer_cave, minivault_14
D:5:      layout_cave_pools

Skill      XL: |  1  2  3  4  5  6 |
---------------+-------------------+-----
Fighting       | 4 5 |  5.0
Armour         | 4 5 |  5.5
Shields        | 4 |  4.4
Long Blades    | 3 4 5 |  5.1
Dodging        | 1 |  1.4

Action                   |  1- 3 |  4- 6 || total
-------------------------+-------+-------++-------
Melee: Long sword        |    82 |   131 ||   213
       Headbutt          |     5 |    19 ||    24
  Use: Scroll            |     1 |       ||     1
       Potion            |     1 |       ||     1
Armor: Scale mail        |    68 |    14 ||    82
       Chain mail        |       |    50 ||    50
Dodge: Dodged            |    42 |    46 ||    88
Block: Buckler           |    23 |    28 ||    51
